 Dungeon Crawl Stone Soup version 0.25-a0-287-g56a5b49892 (webtiles) character file.

Game seed: 4373709224070942620, levelgen mode: deterministic

67 D1HalberdGnoll the Insei (level 4, 0/54 HPs)
             Began as a Draconian Transmuter on Dec 12, 2019.
             Slain by a hound (2 damage)
             ... on level 2 of the Dungeon.
             The game lasted 00:02:00 (1774 turns).

D1HalberdGnoll the Insei (Draconian Transmuter)     Turns: 1774, Time: 00:02:01

Health: 0/54       AC:  5    Str: 17    XL:     4   Next: 0%
Magic:  3/7        EV: 12    Int: 13    God:
Gold:   39         SH:  4    Dex: 13    Spells: 5/8 levels left

rFire    . . .     SeeInvis .     - Unarmed
rCold    . . .     Gourm    .   (no shield)
rNeg     . . .     Faith    .   (armour unavailable)
rPois    .         Spirit   .   (helmet restricted)
rElec    .         Reflect  +   (no cloak)
rCorr    .         Harm     .   (no gloves)
MR       .....                  (no boots)
Stlth    ..........             b - +4 amulet of reflection
HPRegen  0.18/turn              (no ring)
MPRegen  0.10/turn              (no ring)

@: berserking, lethally poisoned (0 -> -1), lightly drained, very quick
A: unfitting armour, cold-blooded, AC +5
a: no special abilities


You were on level 2 of the Dungeon.
You were not hungry.

You visited 1 branch of the dungeon, and saw 2 of its levels.

You collected 39 gold pieces.

Inventory:

Missiles
 a - 9 arrows
Jewellery
 b - a +4 amulet of reflection (around neck)
Scrolls
 e - 2 scrolls of identify
 f - a scroll of enchant weapon {unknown}
 g - a scroll of teleportation {unknown}
 h - a scroll of amnesia {unknown}
Potions
 i - a potion of lignification {unknown}
Comestibles
 c - 2 rations
 j - 2 chunks of flesh


   Skills:
 + Level 2.0(1.8) Fighting
 - Level 1.7(1.6) Dodging
 + Level 3.4(3.2) Unarmed Combat
 + Level 2.5(2.4) Spellcasting
 * Level 3.0(2.9) Transmutations


You had 5 spell levels left.
You knew the following spells:

 Your Spells              Type           Power        Failure   Level  Hunger
a - Beastly Appendage     Tmut           #.....       8%          1    #......
b - Sticks to Snakes      Tmut           #.......     11%         2    ###....

Your spell library contained the following spells:

 Spells                   Type           Power        Failure   Level  Hunger
 Spider Form              Tmut/Pois      #.........   38%         3    ###....
 Ice Form                 Ice/Tmut       #.......     80%         4    #####..
 Blade Hands              Tmut           #.........   90%         5    ######.


Dungeon Overview and Level Annotations

Branches:
Dungeon (2/15)

Altars:
Makhleb


Innate Abilities, Weirdness & Mutations

Your plain brown scales are hard. (AC +5)
You cannot fit into any form of body armour.
You are cold-blooded and may be slowed by cold attacks.


Message History

Your ball python bites the adder.
Your ball python closely misses the adder.
The adder misses your ball python.
* * * LOW HITPOINT WARNING * * *
You feel sick.
Your ball python closely misses the adder. x2
The adder bites your ball python.
Your ball python dies!
The adder hisses angrily.
You aren't carrying any items that you can evoke.
Unknown command.
It was a potion of berserk rage.
A red film seems to cover your vision as you go berserk!
You feel yourself moving faster!
You feel mighty! The hound barely misses you. The hound bites you.
* * * LOW HITPOINT WARNING * * *
You punch the hound! You tail-slap the hound.
The hound is severely wounded.
The hound bites you.
You die...

............'......+
...##########......#
#..# #[.....# ...#
#......# #..## #...[..#
....# ####'### #รท..##
#.# #....# #.# #..#.##
#@# #..#..# #h# ...##.##
#S# #.###..#########.#
#...............%.......
######.########......###
#.# #......# #.#
#......# #.#####
#......#


You could see a hound and an adder.

Vanquished Creatures
  A dart slug (D:1)
  2 leopard geckos (D:1)
  2 giant cockroaches (D:1)
  6 goblins
  3 hobgoblins
  5 jackals
  3 kobolds
  6 bats
  2 frilled lizards (D:1)
  5 rats
35 creatures vanquished.

Vanquished Creatures (collateral kills)
  Terence (D:2)
  An adder zombie (D:2)
2 creatures vanquished.

Grand Total: 37 creatures vanquished

Notes
Turn   | Place    | Note
-------+----------+-------------------------------------------
     0 | D:1      | D1HalberdGnoll the Draconian Transmuter began the quest for
                  | the Orb.
     0 | D:1      | Reached XP level 1. HP: 16/16 MP: 3/3
   412 | D:1      | Reached XP level 2. HP: 20/23 MP: 5/5
   858 | D:1      | Reached XP level 3. HP: 29/29 MP: 4/6
  1152 | D:2      | Noticed Terence
  1172 | D:1      | Learned a level 2 spell: Sticks to Snakes
  1182 | D:2      | Killed Terence
  1585 | D:2      | Found a burning altar of Makhleb.
  1738 | D:2      | Reached XP level 4. HP: 36/36 MP: 7/7
  1773 | D:2      | HP: 2/54 [hound (2)]
  1774 | D:2      | Slain by a hound

Levels and vault maps discovered:
D:1:      mainiacjoe_arrival_reflecting_pool, layout_basic
D:2:      layout_basic, bloody_makhleb, uniq_terence

Skill      XL: |  1  2  3 |
---------------+----------+-----
Transmutations | 3 |  3.0
Fighting       | 2 |  2.0
Dodging        | |  1.7
Unarmed Combat | |  3.4
Spellcasting   | |  2.5

Action                   |  1- 3 |  4- 6 || total
-------------------------+-------+-------++-------
Melee: Unarmed           |   133 |    18 ||   151
       Kick              |    11 |       ||    11
       Tailslap          |    15 |     4 ||    19
       Headbutt          |     4 |       ||     4
       Punch             |     3 |       ||     3
 Cast: Beastly Appendage |    15 |       ||    15
       Sticks to Snakes  |     1 |     2 ||     3
  Use: Scroll            |     1 |       ||     1
       Potion            |       |     1 ||     1
  Eat: Chunk             |     3 |       ||     3
Armor: Skin              |    60 |     5 ||    65
Dodge: Dodged            |    96 |     6 ||   102
Block: Other             |    10 |     9 ||    19

Table legend:
 A = Non-vault XP
 B = Vault XP
 C = Vault XP percentage of total XP
 D = Non-vault monster count
 E = Vault monster count
 F = Vault count percentage of total count
                 A         B        C        D         E       F
            +---------+---------+-------+---------+---------+-------
      Total |      66 |      31 |  32.0 |      36 |       1 |   2.7
            +---------+---------+-------+---------+---------+-------
        D:1 |      47 |       0 |   0.0 |      26 |       0 |   0.0
        D:2 |      19 |      31 |  62.0 |      10 |       1 |   9.1
            +---------+---------+-------+---------+---------+-------
